[Event "Team 45 45 League T50"]
[Site "Internet Chess Club"]
[Date "2011.09.09"]
[Round "5"]
[White "gwolff"]
[Black "Nakke"]
[Result "1-0"]
[WhiteElo "1851"]
[BlackElo "1801"]
[Opening "Old Indian: Ukrainian variation"]
[ECO "A53"]
[Time "07:08:59"]
[TimeControl "2700+45"]

1. d4 Nf6 2. c4 d6 3. Nc3 e5 4. dxe5 dxe5 5. Qxd8+ Kxd8 6. Bg5 Be7 7. O-O-O+
Nfd7 8. Nf3 f6 9. Be3 c6 10. g3 Kc7 11. Ne4 Na6 12. a3 Nac5 13. Nc3 Nb6 14. b4
Nxc4 15. Bxc5 Bxc5 16. bxc5 Nxa3 17. Nd2 b5 18. Kb2 b4 19. Nce4 Be6 20. Nd6 a5
21. e4 Rhb8 22. N2c4 a4 23. Nb6 Rxb6 24. cxb6+ Kxb6 25. Be2 c5 26. Rc1 Rd8 27.
Rhd1 Kc6 28. Rxc5+ Kxc5 29. Nb7+ Kb6 30. Nxd8 Nc4+ 31. Kc1 a3 32. Nxe6 a2 33.
Kc2 {Black resigns} 1-0

[Event "Team 45 45 League T50"]
[Site "Internet Chess Club"]
[Date "2011.09.13"]
[Round "5"]
[White "gandre"]
[Black "quotha"]
[Result "0-1"]
[WhiteElo "1717"]
[BlackElo "1707"]
[Opening "Queen's bishop game"]
[ECO "D00"]
[Time "15:00:06"]
[TimeControl "2700+45"]

1. d4 d5 2. Bf4 Nf6 3. Nf3 Bf5 4. e3 h6 5. Bd3 Bxd3 6. cxd3 c6 7. h3 Na6 8. Nc3
Qa5 9. a3 e6 10. b4 Qb6 11. O-O Be7 12. Qc2 Rc8 13. Rfb1 O-O 14. Na4 Qd8 15. Nc5
Qb6 16. Ne5 Rfd8 17. Na4 Qb5 18. Nc3 Qb6 19. b5 cxb5 20. Rxb5 Qxb5 21. Nxb5 Rxc2
{White resigns} 0-1

[Event "Team 45 45 League T50"]
[Site "Internet Chess Club"]
[Date "2011.09.13"]
[Round "5"]
[White "smitty120"]
[Black "BTop"]
[Result "1-0"]
[WhiteElo "1864"]
[BlackElo "1707"]
[Opening "King's Indian: fianchetto, Panno variation"]
[ECO "E63"]
[Time "10:32:12"]
[TimeControl "2700+45"]

1. Nf3 Nf6 2. c4 g6 3. g3 Bg7 4. Bg2 O-O 5. O-O d6 6. d4 Nc6 7. Nc3 a6 8. e4 Bg4
9. h3 Bxf3 10. Bxf3 e5 11. d5 Nd4 12. Bg2 c5 13. a3 Nd7 14. b4 b5 15. cxb5 axb5
16. Be3 cxb4 17. axb4 Rxa1 18. Qxa1 f5 19. Bxd4 exd4 20. Nxb5 Qb6 21. Qa5 fxe4
22. Bxe4 Re8 23. Qxb6 Nxb6 24. Nxd6 Rd8 25. Nb7 Rd7 26. d6 Nc4 27. Bd5+ Kf8
{Black resigns} 1-0

[Event "Team 45 45 League T50"]
[Site "Internet Chess Club"]
[Date "2011.09.18"]
[Round "5"]
[White "pishd"]
[Black "ROBOchess"]
[Result "1-0"]
[WhiteElo "1753"]
[BlackElo "1641"]
[Opening "King's Indian: London system"]
[ECO "A48"]
[Time "10:05:08"]
[TimeControl "2700+45"]

1. d4 Nf6 2. Nf3 g6 3. Bf4 Bg7 4. e3 d6 5. h3 O-O 6. Be2 Nbd7 7. O-O Nd5 8. Bh2
e5 9. dxe5 Nxe5 10. c3 Nb6 11. Nbd2 Be6 12. Qc2 Qd7 13. Rfd1 f5 14. Nxe5 dxe5
15. Nf3 Qf7 16. Bxe5 Bxa2 17. Rd4 Bb3 18. Qd2 Qe7 19. Bxg7 Kxg7 20. c4 c5 21.
Rd6 Kg8 22. Rc1 Ba4 23. Rc3 Be8 24. b3 Bf7 25. h4 Be6 26. Ng5 Rf6 27. Bf3 Rb8
28. Qd1 h6 29. Nh3 Qg7 30. Rcd3 Nd7 31. Nf4 Qf7 32. Nxe6 Ne5 33. Rd8+ Rxd8 34.
Rxd8+ Kh7 35. Nxc5 {Black resigns} 1-0

[Event "Team 45 45 League T50"]
[Site "Internet Chess Club"]
[Date "2011.09.11"]
[Round "5"]
[White "CaoCao"]
[Black "fileman"]
[Result "1/2-1/2"]
[WhiteElo "1903"]
[BlackElo "1885"]
[Opening "Scotch gambit"]
[ECO "C44"]
[Time "15:12:45"]
[TimeControl "2700+45"]

1. e4 Nc6 2. d4 e5 3. Nf3 exd4 4. Bc4 d6 5. c3 Ne5 6. Nxe5 dxe5 7. Qb3 Qd7 8.
O-O c6 9. a4 Bc5 10. Nd2 Nf6 11. Nf3 Qe7 12. cxd4 Bxd4 13. Nxd4 exd4 14. Bg5 h6
15. Bxf6 Qxf6 16. f4 O-O 17. Rae1 Qd8 18. Qg3 Qb6 19. Kh1 Qxb2 20. f5 Qc3 21.
Bd3 b5 22. f6 g6 23. Rc1 Qd2 24. Rxc6 bxa4 25. Bc4 Qg5 26. Qc7 {Game drawn by
mutual agreement} 1/2-1/2

[Event "Team 45 45 League T50"]
[Site "Internet Chess Club"]
[Date "2011.09.10"]
[Round "5"]
[White "Plattner"]
[Black "hewdondada"]
[Result "1/2-1/2"]
[WhiteElo "1711"]
[BlackElo "1716"]
[Opening "Sicilian: Pelikan, Chelyabinsk variation"]
[ECO "B33"]
[Time "14:05:21"]
[TimeControl "2700+45"]

1. e4 c5 2. Nf3 Nc6 3. d4 cxd4 4. Nxd4 Nf6 5. Nc3 e5 6. Ndb5 d6 7. Bg5 a6 8. Na3
b5 9. Nd5 Be7 10. Bxf6 Bxf6 11. c3 Be6 12. Nxb5 axb5 13. Bxb5 Bd7 14. O-O O-O
15. Qd3 Bg5 16. Rfd1 Ne7 17. Bxd7 Nxd5 18. Qxd5 Qxd7 19. Qxd6 Qxd6 20. Rxd6 Rfb8
21. b4 Rc8 22. a4 Rxc3 23. h4 Be7 24. Rb6 Rc4 25. Rb1 Rxa4 26. Rb8+ Bf8 27. b5
Rab4 28. Ra1 Ra4 29. Rd1 Rd4 30. Rc1 Rxe4 31. Rcc8 g6 32. Rxf8+ Kg7 33. Rg8+ Kf6
34. Rb6+ Ke7 35. Rb7+ Kf6 36. Rb6+ {Game drawn by mutual agreement} 1/2-1/2

[Event "Team 45 45 League T50"]
[Site "Internet Chess Club"]
[Date "2011.09.09"]
[Round "5"]
[White "Portola"]
[Black "fireball"]
[Result "1-0"]
[WhiteElo "1751"]
[BlackElo "1713"]
[Opening "Queen's pawn game"]
[ECO "A46"]
[Time "19:30:32"]
[TimeControl "2700+45"]

1. d4 Nf6 2. Nf3 e6 3. Bf4 c5 4. c3 cxd4 5. cxd4 Bb4+ 6. Nbd2 Ne4 7. Qc2 d5 8.
Bxb8 Bxd2+ 9. Nxd2 Nxd2 10. Bc7 Qe7 11. Kxd2 Bd7 12. Qc5 Qg5+ 13. e3 Rc8 14. Qd6
Qg6 15. Rg1 Qf5 16. Qf4 Rxc7 17. Qxc7 Qxf2+ 18. Be2 Bb5 19. Qb8+ Ke7 20. Qxb7+
Bd7 21. Qb4+ Kd8 22. Rac1 f5 23. Qd6 f4 24. Qxf4 Qxf4 25. exf4 Ke7 26. Rc7 Rb8
27. b3 a5 28. Rgc1 Kd6 29. Ra7 Rb4 30. Kc3 Rb6 31. Rxa5 g5 32. g3 gxf4 33. gxf4
Be8 34. Ra6 {Black resigns} 1-0

[Event "Team 45 45 League T50"]
[Site "Internet Chess Club"]
[Date "2011.09.09"]
[Round "5"]
[White "LoseOften"]
[Black "RD1974"]
[Result "1-0"]
[WhiteElo "1718"]
[BlackElo "1736"]
[Opening "Scandinavian: Pytel-Wade variation"]
[ECO "B01"]
[Time "14:08:14"]
[TimeControl "2700+45"]

1. e4 d5 2. exd5 Qxd5 3. Nc3 Qd6 4. d4 Nf6 5. Bc4 a6 6. a4 Bg4 7. f3 Bh5 8. Nge2
Nc6 9. Bf4 e5 10. Bg3 Rd8 11. O-O Qb4 12. b3 Bd6 13. d5 Ne7 14. Ne4 Nxe4 15.
fxe4 O-O 16. a5 Bxe2 17. Qxe2 Bc5+ 18. Kh1 Bd4 19. Qh5 Bxa1 20. Rxa1 Qd6 21.
Bxe5 Qg6 22. Qxg6 Nxg6 23. Bxc7 Rd7 24. Bg3 Re8 25. Re1 Ne5 26. Be2 f6 27. b4
Rc8 28. Bxe5 fxe5 29. Bg4 Rdc7 30. Bxc8 Rxc8 31. Rd1 Kf7 32. d6 Rd8 33. c4 Rd7
34. g3 Ke6 35. c5 h6 36. Rf1 Rd8 37. Kg2 g6 38. Rf3 Rg8 39. Kf2 Rd8 40. Ke3 Rg8
41. Kd3 Rg7 42. Rf8 Kd7 43. Kc4 Kc6 44. Rc8+ Kd7 45. Rc7+ Ke6 46. Rxg7 h5 {Black
resigns} 1-0

[Event "Team 45 45 League T50"]
[Site "Internet Chess Club"]
[Date "2011.09.11"]
[Round "5"]
[White "Stryker672"]
[Black "Pacini"]
[Result "0-1"]
[WhiteElo "1928"]
[BlackElo "2024"]
[Opening "Sicilian: Alapin's variation (2.c3)"]
[ECO "B22"]
[Time "18:15:59"]
[TimeControl "2700+45"]

1. e4 c5 2. c3 g6 3. Nf3 Bg7 4. Bc4 Nc6 5. d4 cxd4 6. cxd4 Qb6 7. d5 Na5 8. Bd3
Bxb2 9. Bxb2 Qxb2 10. Nbd2 d6 11. O-O Bd7 12. Qe2 Nf6 13. Rfb1 Qa3 14. Nd4 O-O
15. N2b3 Nxb3 16. Rxb3 Qc5 17. Qb2 Rfc8 18. Rxb7 Qc3 19. Qxc3 Rxc3 20. Rd1 Ba4
21. Nb3 Nd7 22. Bf1 Nc5 23. Rxe7 Kf8 24. Rc7 Nxe4 25. Rc1 Rxc1 26. Nxc1 Nf6 27.
Bc4 Ne8 28. Rb7 Rc8 29. Rb4 Bb5 30. Bxb5 Rxc1+ 31. Bf1 Nf6 32. Rb7 Ne4 33. Rb2
Rd1 34. f3 Nd2 35. Kf2 Nxf1 36. Rb8+ Ke7 37. Rb7+ Kf6 38. Rxa7 Nxh2 39. Rd7 Rxd5
40. Kg1 Ke6 41. Ra7 Nxf3+ 42. gxf3 Rd2 43. a4 h5 44. a5 Ra2 45. Ra8 d5 46. a6
Ke5 47. a7 Kf4 48. Kf1 Kxf3 49. Ke1 h4 50. Rh8 Rxa7 51. Rxh4 Re7+ 52. Kf1 g5 53.
Rd4 Re5 {White resigns} 0-1

[Event "Team 45 45 League T50"]
[Site "Internet Chess Club"]
[Date "2011.09.11"]
[Round "5"]
[White "kabindra"]
[Black "FourKnights"]
[Result "1/2-1/2"]
[WhiteElo "1729"]
[BlackElo "1725"]
[Opening "Sicilian: Najdorf variation"]
[ECO "B98"]
[Time "11:19:16"]
[TimeControl "2700+45"]

1. e4 c5 2. Nf3 d6 3. d4 cxd4 4. Nxd4 Nf6 5. Nc3 a6 6. Bg5 e6 7. f4 Qc7 8. Qf3
Be7 9. g4 Nc6 10. O-O-O Bd7 11. Bg2 h6 12. Bh4 Nxd4 13. Rxd4 Bc6 14. Bg3 d5 15.
exd5 Nxd5 16. Nxd5 Bxd5 17. Qe2 Bxg2 18. Qxg2 Qb6 19. Rd3 O-O 20. Rb3 Qc6 21.
Qxc6 bxc6 22. h4 Bf6 23. g5 hxg5 24. hxg5 Bd4 25. Rd3 Rfd8 26. c3 Bb6 27. Rf3
Rd7 28. Be1 Rad8 29. Rfh3 Kf8 30. Rh8+ Ke7 31. Rxd8 Rxd8 32. Bd2 f6 33. gxf6+
Kxf6 34. Rh3 g6 35. Rh7 Rc8 36. Rd7 Rc7 37. Rd3 Kf5 38. a3 Bg1 39. Rg3 Bb6 40.
b4 Rh7 41. Rd3 Bc7 42. Rd4 Bb6 43. Rd6 Rc7 44. Rd8 Kf6 45. Rf8+ Kg7 46. Rb8 Bg1
47. Ra8 Ra7 48. Rc8 c5 49. bxc5 Kf6 50. Kc2 Ke7 51. c4 Kd7 52. Rg8 Bxc5 53. a4
Kd6 54. Rxg6 Rf7 55. Kd3 Bb6 56. Ke4 Rf5 57. Rg8 Rf7 58. Rc8 Rc7 59. Bb4+ Kd7
60. Rxc7+ Bxc7 61. Bc3 Kc6 62. Bd4 Bd6 63. Be5 Be7 64. Kd4 Bc5+ 65. Kd3 Bb4 66.
Bd4 Bd6 67. Ke4 Bb8 68. a5 Bd6 69. Bb6 Bb8 70. c5 Kd7 71. f5 exf5+ 72. Kxf5 Kc6
73. Ke6 Bg3 74. Ke7 Bf2 75. Kd8 Bxc5 76. Bc7 Kb5 77. Kc8 Bb4 78. Kb7 Bxa5 79.
Be5 Bd2 80. Bc7 Ba5 81. Be5 Bd8 82. Bc3 a5 83. Bxa5 {Game drawn because neither
player has mating material} 1/2-1/2

[Event "Team 45 45 League T50"]
[Site "Internet Chess Club"]
[Date "2011.09.10"]
[Round "5"]
[White "rahulr"]
[Black "Bacon1290"]
[Result "1-0"]
[WhiteElo "1676"]
[BlackElo "1780"]
[Opening "Nimzo-Indian: 4.e3, Gligoric system with 7...Nbd7"]
[ECO "E53"]
[Time "12:00:47"]
[TimeControl "2700+45"]

1. d4 Nf6 2. c4 e6 3. Nc3 Bb4 4. Nf3 c5 5. e3 O-O 6. Bd3 d5 7. O-O Nbd7 8. a3
Ba5 9. Bd2 Bc7 10. Re1 e5 11. cxd5 cxd4 12. exd4 exd4 13. Nxd4 Nc5 14. Bf5 Nxd5
15. Bxh7+ Kxh7 16. Qh5+ Kg8 17. Nxd5 g6 18. Qf3 Ne6 19. Nf6+ Kg7 20. Nxe6+ Bxe6
21. Bc3 Kh6 22. Qe4 Kg7 23. Qh4 {Black resigns} 1-0

[Event "Team 45 45 League T50"]
[Site "Internet Chess Club"]
[Date "2011.09.09"]
[Round "5"]
[White "PJ"]
[Black "Hal2001"]
[Result "1-0"]
[WhiteElo "1820"]
[BlackElo "1650"]
[Opening "Clemenz (Mead's, Basman's or de Klerk's) opening"]
[ECO "A00"]
[Time "12:08:50"]
[TimeControl "2700+45"]

1. h3 c5 2. c4 g6 3. Nc3 Bg7 4. e4 Nc6 5. Nf3 e6 6. Be2 Nge7 7. d3 d5 8. exd5
exd5 9. O-O dxc4 10. dxc4 O-O 11. a3 Be6 12. Be3 Nd4 13. Rb1 Qd7 14. Bxd4 cxd4
15. Ne4 Rac8 16. Rc1 f5 17. Neg5 Rfd8 18. Nxe6 Qxe6 19. Bd3 Nc6 20. Re1 Qf6 21.
Rc2 Re8 22. Rce2 Rxe2 23. Qxe2 Kf8 24. Qe6 Qxe6 25. Rxe6 Na5 26. Nd2 Kf7 27. Re2
Nc6 28. f4 a5 29. Kf2 Nd8 30. b4 axb4 31. axb4 Ra8 32. c5 Ra3 33. Bc4+ Kf8 34.
Bb5 Nc6 35. Bxc6 bxc6 36. Re6 Ra4 37. Rxc6 Rxb4 38. Rb6 Ra4 39. c6 d3 40. Rb8+
Kf7 41. Rb7+ Kf8 42. c7 Bd4+ 43. Kf3 {Black resigns} 1-0

[Event "Team 45 45 League T50"]
[Site "Internet Chess Club"]
[Date "2011.09.13"]
[Round "5"]
[White "MeanMrMustard"]
[Black "az2112"]
[Result "1-0"]
[WhiteElo "1806"]
[BlackElo "1706"]
[Opening "Sicilian: Scheveningen (Paulsen), classical variation"]
[ECO "B84"]
[Time "21:02:38"]
[TimeControl "2700+45"]

1. e4 c5 2. Nf3 d6 3. d4 cxd4 4. Nxd4 Nf6 5. Nc3 a6 6. Be2 e6 7. O-O Be7 8. f4
O-O 9. Kh1 b5 10. Bf3 Bb7 11. e5 Bxf3 12. Qxf3 dxe5 13. Qxa8 exd4 14. Ne2 d3 15.
cxd3 Qxd3 16. Qf3 Qc2 17. Nd4 Qc4 18. Be3 Nd5 19. b3 Qd3 20. Bg1 Qd2 21. Qe2 Qa5
22. Nxe6 {Black resigns} 1-0

[Event "Team 45 45 League T50"]
[Site "Internet Chess Club"]
[Date "2011.09.09"]
[Round "5"]
[White "Tamarin"]
[Black "ghostfire"]
[Result "0-1"]
[WhiteElo "1874"]
[BlackElo "1744"]
[Opening "QGD Slav: 4.e3 Bf5"]
[ECO "D12"]
[Time "22:34:09"]
[TimeControl "2700+45"]

1. d4 d5 2. c4 c6 3. Nf3 Nf6 4. e3 Bf5 5. Nc3 dxc4 6. Bxc4 e6 7. Qb3 Qc7 8. Bd2
Be7 9. Rc1 O-O 10. O-O Nbd7 11. Rfe1 Ne4 12. Nxe4 Bxe4 13. Bd3 Bxf3 14. gxf3 Bd6
15. h3 Rab8 16. Qc2 h6 17. Kh1 Qd8 18. Bc3 Qh4 19. Bf1 Nf6 20. f4 Nd5 21. f3 f5
22. Qh2 Rf6 23. Bd2 Rg6 24. Re2 Bb4 25. Bxb4 Nxb4 26. e4 Nd3 27. Rcc2 Nxf4 28.
exf5 exf5 29. Rc4 b5 30. Rc5 Rf8 31. Ree5 Rg3 32. Rxf5 Rxf5 33. Rxf5 Nxh3 34.
Bg2 Qxd4 35. b3 Qd1+ {White resigns} 0-1

[Event "Team 45 45 League T50"]
[Site "Internet Chess Club"]
[Date "2011.09.11"]
[Round "5"]
[White "Frankly"]
[Black "Schack"]
[Result "0-1"]
[WhiteElo "1763"]
[BlackElo "1697"]
[Opening "QGD: Tarrasch defense"]
[ECO "D32"]
[Time "13:00:49"]
[TimeControl "2700+45"]

1. d4 d5 2. c4 e6 3. Nc3 c5 4. cxd5 exd5 5. Nf3 Nc6 6. dxc5 d4 7. Ne4 Qd5 8.
Nd6+ Bxd6 9. cxd6 Qxd6 10. a3 Nf6 11. e3 Bg4 12. Be2 Rd8 13. Nxd4 Nxd4 14. Bxg4
Nxg4 15. exd4 Qxd4 16. Qe2+ Qe5 17. Qxe5+ Nxe5 18. O-O Nd3 19. Be3 a6 20. b4 Ke7
21. Ra2 Rd5 22. Re2 Kf6 23. Rd1 Rhd8 24. Red2 Ke6 25. Re2 Kf6 26. Rdd2 Nc1 27.
Re1 Rxd2 28. Bxd2 Rxd2 29. Rxc1 Ra2 30. h3 Rxa3 31. Rc7 b5 32. Rc6+ Kg5 33. Rc5+
Kg6 34. Rc6+ f6 35. Rb6 Ra4 36. Kh2 Rxb4 37. Rxa6 Rb2 38. Kg3 h5 39. Rb6 Kf5 40.
Kf3 g5 41. g4+ hxg4+ 42. hxg4+ Ke5 43. Rb8 Rb3+ 44. Ke2 Rb4 45. f3 Rb2+ 46. Ke3
b4 47. Rb5+ Ke6 48. Kd4 b3 49. Kc4 Rb1 50. Kc3 Rf1 51. Rb6+ Kf7 52. Rb7+ Ke6 53.
Rb6+ Ke5 54. Rb5+ Kf4 55. Rf5+ Kg3 56. Rb5 Rxf3+ 57. Kb2 Kxg4 58. Rb4+ Kg3 59.
Rb8 g4 60. Rg8 f5 61. Rg7 Kf2 62. Rd7 f4 {White resigns} 0-1